 Dungeon Sprint DCSS version 0.24-a0-249-g2af7e83 (webtiles) character file.

Game seed: 12505295174155086333

2582 MikeHunt the Cruncher (level 9, -4/73 HPs)
             Began as a Formicid Fighter on Apr 13, 2019.
             Was an Initiate of Gozag.
             Slain by a moth of wrath (14 damage)
             ... called by a spriggan druid
             ... in the Dungeon (Sprint IV: "Fedhas' Mad Dash").
             The game lasted 00:07:27 (2299 turns).

MikeHunt the Cruncher (Formicid Fighter)            Turns: 2299, Time: 00:07:27

Health: -4/73      AC: 14    Str: 26    XL:     9   Next: 88%
Magic:  13/13      EV: 17    Int:  8    God:    Gozag
Gold:   694        SH: 13    Dex: 18    Spells: 8/8 levels left

rFire    + . .     SeeInvis +   a - +0 quarterstaff
rCold    + . .     Gourm    .   c - +0 shield
rNeg     . . .     Faith    .   m - +0 plate armour
rPois    +         Spirit   .   (helmet unavailable)
rElec    +         Reflect  .   (no cloak)
rCorr    +         Harm     .   (no gloves)
MR       .....                  (no boots)
Stlth    ..........             e - amulet of invisibility {+Inv}
HPRegen  0.22/turn              (no ring)
MPRegen  0.13/turn              (no ring)

@: mighty, agile, resistant, very slightly contaminated, invisible
A: permanent stasis, dig shafts and tunnels, four strong arms, antennae 3
a: Dig, Potion Petition, Call Merchant, Bribe Branch, Renounce Religion


You were in the Dungeon.
You worshipped Gozag.
Gozag was pleased with you.
You were not hungry.

You visited 1 branch You collected 1518 gold pieces.
You spent 530 gold pieces at shops.
You paid 294 gold pieces to Gozag.

Inventory:

Hand Weapons
 a - a +0 quarterstaff (weapon)
Armour
 b - a +0 scale mail
 c - a +0 shield (worn)
 m - a +0 plate armour (worn)
Jewellery
 d - an uncursed amulet of guardian spirit
 e - the amulet of invisibility (around neck) {+Inv}
   (You found it in the Dungeon)

   [amulet of nothing]

   It lets you turn invisible.
Wands
 l - a wand of paralysis (3)
 n - a wand of enslavement (8)
Scrolls
 k - a scroll of blinking
Potions
 g - a potion of might
 h - a potion of haste
 i - 2 potions of magic
 j - a potion of berserk rage
Comestibles
 f - 2 rations


   Skills:
 - Level 7.6 Fighting
 - Level 14.2 Staves
 + Level 10.2 Armour
 + Level 6.8 Dodging
 - Level 9.1 Shields
 + Level 6.0 Evocations


You had 8 spell levels left.
You didn't know any spells.
Your spell library was empty.

Dungeon Overview and Level Annotations

Branches:
Dungeon (1/1)

Altars:
Cheibriados
Dithmenos
Elyvilon
Gozag
Hepliaklqana
Kikubaaqudgha
Makhleb
Nemelex Xobeh
Okawaru
Qazlal
Ru
Sif Muna
Trog
Uskayaw
Vehumet
Wu Jian
Xom
Yredelemnul
Zin
The Shining One
Beogh
Jiyva
Lugonu

Shops:
D =}:(


Innate Abilities, Weirdness & Mutations

You cannot be hasted, slowed, berserked, paralysed or teleported.
You can dig through walls and to a lower floor.
Your four strong arms can wield two-handed weapons with a shield.
You have a pair of large antennae on your head. (SInv)


Message History

You sock the spriggan druid!
The spriggan druid is heavily wounded.
The moth of wrath's fur bristles in rage as it notices you.
You block the spriggan druid's attack.
The moth of wrath's fur bristles in rage as it notices you.
You sock the spriggan druid!
The spriggan druid is severely wounded.
You miss the spriggan druid.
The spriggan druid is severely wounded.
The moth of wrath's fur bristles in rage as it notices you.
The spriggan druid hits you with a +0 quarterstaff.
* * * LOW HITPOINT WARNING * * *
Okay, then.
Unknown command.
You closely miss the spriggan druid.
The spriggan druid is severely wounded.
The moth of wrath's fur bristles in rage as it notices you.
The moth of wrath bites you!
You die...
Your body crumbles into a pile of gold.

#<..P#.....#.....#.⌠._._._._.⌠.#
#PP..'.(...'.#.).'.._._._._._..'
#PPPP#.....#.#...#..._._._._...#
###############'##.._._._._._..#
#...♣........'...#._._._._._.⌠.#
#......♣.....#...###############
#.....♣..♣..######♣♣♣♣♣..♣$
##'####'######.)i......♣ {
#..#....'.....y@#♣..♣♣♣.♣
#..#.[###.......#.♣♣.[♣ $$ $
####### ########## ### { { { { {
{ {


You could see a moth of wrath and a spriggan druid.

Vanquished Creatures
  2 oklob plants (D)
  A queen bee (D)
  3 burning bushes (D)
  3 wandering mushrooms (D)
  2 scorpions (D)
  4 killer bees (D)
  4 oklob saplings (D)
  A worker ant (D)
  2 spriggans (D)
  A river rat (D)
  A rat (D)
24 creatures vanquished.

Vanquished Creatures (others)
  An oklob sapling (D)
1 creature vanquished.

Grand Total: 25 creatures vanquished

Notes
Turn   | Place    | Note
-------+----------+-------------------------------------------
     0 | D        | MikeHunt the Formicid Fighter began the quest for the Orb.
     0 | D        | Reached XP level 1. HP: 18/18 MP: 1/1
    10 | D        | Reached skill level 3 in Staves
    10 | D        | Reached skill level 5 in Shields
    10 | D        | Reached XP level 2. HP: 24/24 MP: 2/2
    19 | D        | Noticed an oklob sapling
   266 | D        | Killed an oklob sapling
   266 | D        | Reached skill level 4 in Staves
   266 | D        | Reached XP level 3. HP: 6/29 MP: 3/3
   518 | D        | Found the amulet of invisibility {+Inv}
   526 | D        | Reached skill level 5 in Staves
   526 | D        | Reached XP level 4. HP: 15/35 MP: 4/4
   708 | D        | Found an opulent altar of Gozag.
   708 | D        | Found a hazy altar of Hepliaklqana.
   708 | D        | Found a roughly hewn altar of Beogh.
   708 | D        | Found a snail-covered altar of Cheibriados.
   709 | D        | Found a viscous altar of Jiyva.
   709 | D        | Found a burning altar of Makhleb.
   709 | D        | Found a sparkling altar of Nemelex Xobeh.
   709 | D        | Found a sacrificial altar of Ru.
   709 | D        | Found a deep blue altar of Sif Muna.
   709 | D        | Found a bloodstained altar of Trog.
   709 | D        | Found an ornate altar of the Wu Jian Council.
   709 | D        | Found a shimmering altar of Xom.
   709 | D        | Found a basalt altar of Yredelemnul.
   709 | D        | Noticed an oklob sapling priest
   710 | D        | Found an iron altar of Okawaru.
   710 | D        | Found a shadowy altar of Dithmenos.
   710 | D        | Found a glowing silver altar of Zin.
   711 | D        | Found an ancient bone altar of Kikubaaqudgha.
   711 | D        | Found a hide-covered altar of Uskayaw.
   712 | D        | Found a stormy altar of Qazlal.
   712 | D        | Found a white marble altar of Elyvilon.
   712 | D        | Found a glowing golden altar of the Shining One.
   713 | D        | Became a worshipper of Gozag Ym Sagoz the Greedy
   714 | D        | Found a radiant altar of Vehumet.
   714 | D        | Found a corrupted altar of Lugonu.
   720 | D        | Killed an oklob sapling priest
   720 | D        | Reached skill level 6 in Staves
   720 | D        | Reached XP level 5. HP: 15/41 MP: 3/5
   924 | D        | Reached skill level 7 in Staves
  1062 | D        | Reached skill level 5 in Fighting
  1140 | D        | Reached skill level 8 in Staves
  1140 | D        | Reached XP level 6. HP: 46/52 MP: 6/6
  1251 | D        | Found Kufrupp's Gadget Shop.
  1251 | D        | Found Buefar's Jewellery Emporium.
  1259 | D        | Bought an uncursed amulet of guardian spirit for 390 gold
                  | pieces
  1320 | D        | Noticed a burning bush
  1320 | D        | Noticed a wandering mushroom
  1321 | D        | Noticed a wandering mushroom
  1331 | D        | Reached skill level 9 in Staves
  1350 | D        | Killed a wandering mushroom
  1350 | D        | Reached skill level 11 in Staves
  1350 | D        | Reached XP level 7. HP: 36/61 MP: 3/7
  1485 | D        | Killed a wandering mushroom
  1485 | D        | Reached skill level 12 in Staves
  1506 | D        | Killed a burning bush
  1506 | D        | Reached skill level 13 in Staves
  1506 | D        | Reached XP level 8. HP: 33/68 MP: 5/8
  1672 | D        | Found Cekkox's Book Shoppe.
  1673 | D        | Found Toheulom's Weapon Emporium.
  1688 | D        | Bought a wand of paralysis (8) for 140 gold pieces
  1719 | D        | Noticed a queen bee
  1741 | D        | Killed a queen bee
  1741 | D        | Reached skill level 14 in Staves
  1763 | D        | Reached skill level 1 in Dodging
  1900 | D        | Noticed an oklob plant
  1913 | D        | Killed an oklob plant
  1913 | D        | Reached XP level 9. HP: 73/73 MP: 9/9
  1944 | D        | Noticed a burning bush
  1952 | D        | Killed a burning bush
  1952 | D        | Reached skill level 5 in Dodging
  1967 | D        | Noticed a burning bush
  1967 | D        | Noticed an oklob plant
  1999 | D        | Noticed a wandering mushroom
  2012 | D        | Killed a burning bush
  2039 | D        | Killed an oklob plant
  2039 | D        | Reached skill level 5 in Evocations
  2258 | D        | Reached skill level 10 in Armour
  2269 | D        | Noticed a spriggan druid
  2290 | D        | Noticed a moth of wrath
  2299 | D        | Slain by a moth of wrath

Levels and vault maps discovered:
D:        dungeon_sprint_fedhas [sprint_temple]

Skill      XL: |  1  2  3  4  5  6  7  8  9 |
---------------+----------------------------+-----
Staves         | 3 4 5 6 8 11 13 14 | 14.2
Shields        | 5 6 7 8 9 |  9.1
Fighting       | 5 7 |  7.6
Armour         | 8 10 | 10.2
Dodging        | 4 6 |  6.8
Evocations     | 6 |  6.0

Action                   |  1- 3 |  4- 6 |  7- 9 || total
-------------------------+-------+-------+-------++-------
Melee: Quarterstaff      |    16 |    40 |   127 ||   183
Invok: Potion Petition   |       |       |     2 ||     2
 Abil: Evoke Invisibilit |       |     3 |     1 ||     4
Evoke: Wand              |       |       |     6 ||     6
  Use: Potion            |     1 |     2 |       ||     3
 Stab: Invisible         |       |     2 |       ||     2
       Paralysed         |       |       |    10 ||    10
  Eat: Ration            |       |     1 |     1 ||     2
Armor: Scale mail        |     1 |     3 |     4 ||     8
       Plate armour      |       |       |     6 ||     6
Dodge: Dodged            |     4 |     6 |     8 ||    18
Block: Shield            |     5 |    13 |    24 ||    42

Table legend:
 A = Non-vault XP
 B = Vault XP
 C = Vault XP percentage of total XP
 D = Non-vault monster count
 E = Vault monster count
 F = Vault count percentage of total count
                 A         B        C        D         E       F
            +---------+---------+-------+---------+---------+-------
      Total |       0 |    3689 | 100.0 |       0 |      24 | 100.0
            +---------+---------+-------+---------+---------+-------
          D |       0 |    3689 | 100.0 |       0 |      24 | 100.0
            +---------+---------+-------+---------+---------+-------
